 Dungeon Crawl Stone Soup version 0.19.1 (webtiles) character file.

27 RaHiT the Conjurer (level 2, -4/19 HPs)
             Began as a Mummy Conjurer on Dec 19, 2016.
             Slain by Terence
             ... wielding a +0 trident
              (6 damage)
             ... on level 2 of the Dungeon.
             The game lasted 00:07:59 (1268 turns).

RaHiT the Conjurer (Mummy Conjurer)                 Turns: 1268, Time: 00:08:00

Health: -4/19      AC:  4    Str: 11    XL:     2   Next: 93%
Magic:  2/6        EV: 12    Int: 14    God:
Gold:   46         SH:  0    Dex: 12    Spells: 2 memorised, 4 levels left

rFire  x . .     SeeInvis .     i - -3 hunting sling (curse)
rCold  + . .     Gourm    .     a - +0 robe
rNeg   + + +     Faith    .     (no shield)
rPois  ∞         Spirit   .     (no helmet)
rElec  .         Reflect  .     e - +1 cloak
rCorr  .         Harm     .     (no gloves)
MR     .....                    (no boots)
Stlth  ++........               (no amulet)
                                (no ring)
                                (no ring)

@: no status effects
A: no food or potions, fire vulnerability, cold resistance 1, negative energy
resistance 3, torment resistance, unbreathing
a: no special abilities


You were on level 2 of the Dungeon.
You were not hungry.

You visited 1 branch of the dungeon, and saw 2 of its levels.

You collected 46 gold pieces.

Inventory:

Hand Weapons
 i - a cursed -3 hunting sling (weapon)
Missiles
 g - 14 sling bullets (quivered)
 j - 26 stones
Armour
 a - a +0 robe (worn)
 e - a +1 cloak (worn)
Scrolls
 c - a scroll of remove curse {unknown}
 d - a scroll of amnesia {unknown}
 f - a scroll of enchant armour {unknown}
 h - a scroll of identify {unknown}
 k - a scroll of magic mapping {unknown}
 l - a scroll of fog {unknown}
Books
 b - a book of Conjurations

   Spells                             Type                      Level
   a - Magic Dart                     Conjuration                  1
   b - Searing Ray                    Conjuration                  2
   c - Dazzling Spray                 Conjuration/Hexes            3
   d - Fulminant Prism                Conjuration/Hexes            4
   e - Iskenderun's Mystic Blast      Conjuration                  4
   f - Iskenderun's Battlesphere      Conjuration/Charms           5


   Skills:
 - Level 1.5 Dodging
 - Level 1.5 Stealth
 + Level 3.2 Spellcasting
 - Level 3.2 Conjurations


You had 4 spell levels left.
You knew the following spells:

 Your Spells              Type           Power        Failure   Level  Hunger
a - Magic Dart            Conj           ##..         6%          1    N/A
b - Searing Ray           Conj           ##....       10%         2    N/A

Dungeon Overview and Level Annotations

Branches:
Dungeon (2/15)

Altars:

Annotations:
D:2 Terence


Innate Abilities, Weirdness & Mutations

You do not eat or drink.
Your flesh is vulnerable to fire.
You are immune to poison.
Your flesh is cold resistant. (rC+)
You are immune to negative energy. (rN+++)
You are immune to unholy pain and torment.
You can survive without breathing.


Message History

an uncursed dagger; a goblin skeleton Terence screams, "I'm going to kill you!"
There is a stone staircase leading up here.
Casting: Magic Dart
Confirm with . or Enter, or press ? or * to list all spells.
Aiming: Searing Ray
Press: ? - help, Shift-Dir - straight line, f/p - Terence
Aim: Terence, wielding a trident and wearing a chain mail (severely wounded)
The searing ray hits Terence.
Terence is almost dead.
Terence hits you from afar with a trident.
* * * LOW HITPOINT WARNING * * *
The searing ray hits Terence.
Terence is almost dead.
Terence hits you but does no damage.
The searing ray hits Terence.
Terence is almost dead.
Terence shouts, "ATTACK!!!"
Terence hits you from afar with a trident.
You die...

#.#..##### #.......^#
#....###)# #....#...# #
#....@<.÷#.#
#...####.#.# #
#...@......#.#
#####..#####.###.#..
..........@.@......#
#############.#.#..#
........(...#..#
###...........# ######
#........#.##.
#....####..##.........
#..........##.#.##.##.
#.....####.##.#.##.#
####.....####.......#.#


You could see Terence.

Vanquished Creatures
  A leopard gecko (D:1)
  5 bats
  A giant cockroach (D:1)
  3 goblins
  2 hobgoblins
  4 jackals (D:1)
  2 frilled lizards (D:1)
  A kobold (D:2)
  3 rats
22 creatures vanquished.

Notes
Turn   | Place    | Note
-------+----------+-------------------------------------------
     0 | D:1      | RaHiT the Mummy Conjurer began the quest for the Orb.
     0 | D:1      | Reached XP level 1. HP: 13/13 MP: 3/3
   299 | D:1      | Reached XP level 2. HP: 18/19 MP: 2/5
   303 | D:1      | Learned a level 2 spell: Searing Ray
  1139 | D:2      | Noticed Terence
  1268 | D:2      | Slain by Terence

Skill      XL: |  1  2 |
---------------+-------+-----
Spellcasting   | 3 |  3.2
Dodging        | |  1.5
Stealth        | |  1.5
Conjurations   | |  3.2

Action                   || total
-------------------------++-------
Melee: Unarmed           ||    19
 Fire: Hunting sling     ||    13
 Cast: Magic Dart        ||    27
       Searing Ray       ||     8
Armor: Robe              ||    14
Dodge: Dodged            ||    25
